 Dungeon Crawl Stone Soup version 0.23.0 (webtiles) character file.

Game seed: 2482411396273897539

98 Borgoz the Sneak (level 5, 0/46 HPs)
             Began as a Kobold Assassin on Feb 16, 2019.
             Succumbed to a worker ant's poison
             ... on level 2 of the Dungeon.
             The game lasted 00:03:12 (2149 turns).

Borgoz the Sneak (Kobold Assassin)                  Turns: 2149, Time: 00:03:12

Health: 0/46       AC: 22    Str:  9    XL:     5   Next: 1%
Magic:  5/5        EV:  3    Int: 12    God:
Gold:   62         SH:  0    Dex: 22    Spells: 4/4 levels left

rFire    . . .     SeeInvis +   a - +2 dagger
rCold    . . .     Gourm    .   (shield restricted)
rNeg     + + +     Faith    .   (armour currently unavailable)
rPois    +         Spirit   .   (helmet currently unavailable)
rElec    .         Reflect  .   (cloak currently unavailable)
rCorr    .         Harm     .   (gloves currently unavailable)
MR       .....     NoTele   +   (boots currently unavailable)
Stlth    ++++++....             (no amulet)
HPRegen  0.15/turn              n - ring of see invisible
MPRegen  0.09/turn              p - ring of stealth

@: agile, lethally poisoned (0 -> -5), tree-form, hasted, very quick
A: small, carnivore
a: no special abilities


You were on level 2 of the Dungeon.
You were completely stuffed.
You were a tree.
You visited 1 branch of the dungeon, and saw 2 of its levels.

You collected 62 gold pieces.

Inventory:

Hand Weapons
 a - a +2 dagger (weapon)
 b - a +0 blowgun
Missiles
 e - 8 poisoned needles
 f - 2 curare-tipped needles
 m - 6 needles of sleeping
 t - a throwing net (quivered)
Armour
 c - a +0 robe (melded)
 d - a +0 cloak (melded)
Jewellery
 n - a ring of see invisible (left branch)
 p - a ring of stealth (right branch)
Scrolls
 h - a scroll of random uselessness {unknown}
 l - 2 scrolls of teleportation {unknown}
 q - 2 scrolls of identify {unknown}
 r - a scroll of immolation {unknown}
Comestibles
 g - 2 rations
 o - 5 chunks of flesh


   Skills:
 + Level 2.7 Fighting
 + Level 3.9 Short Blades
 + Level 2.2 Throwing
 + Level 2.0 Dodging
 + Level 6.9 Stealth


You had 4 spell levels left.
You didn't know any spells.
Your spell library was empty.

Dungeon Overview and Level Annotations

Branches:
Dungeon (2/15)

Altars:
Ashenzari
The Shining One


Innate Abilities, Weirdness & Mutations

You are small and have problems with some larger weapons.
You are carnivorous and can eat meat at any time.


Message History

The jackal is heavily wounded.
The orc hits you but does no damage.
You barely miss the jackal.
The jackal is heavily wounded.
The jackal barely misses you.
You barely miss the jackal.
The jackal is heavily wounded.
* * * LOW HITPOINT WARNING * * *
You feel sick. The orc completely misses you.
The jackal bites you but does no damage.
You hit the jackal.
The jackal is almost dead.
You hit the orc.
The orc is moderately wounded.
The jackal bites you.
* * * LOW HITPOINT WARNING * * *
The orc hits you but does no damage.
You hit the jackal.
You kill the jackal!
You die...

#################. ....
#................. ....
..##.>.....####### .....
#.......###.... .....
#.......##..### ......
#..........## ......#
#........###
.....<.####........#
#.o♣..........# ##
#####.........#####. .8..#
#.###..#....##.. 8_8..
#.####.........#
.8...#######.#......###....
=.............#.......###.
#...###..##....#####.###.
#..##.###.#### #.##..
##.....##..# #.....


You could see an orc.

Vanquished Creatures
  A worker ant (D:2)
  An adder (D:2)
  An ooze (D:1)
  A worm (D:2)
  3 dart slugs (D:1)
  A leopard gecko (D:1)
  6 giant cockroaches
  7 goblins
  3 hobgoblins
  5 jackals (D:2)
  11 kobolds
  A ball python (D:2)
  3 bats
  3 rats
47 creatures vanquished.

Notes
Turn   | Place    | Note
-------+----------+-------------------------------------------
     0 | D:1      | Borgoz the Kobold Assassin began the quest for the Orb.
     0 | D:1      | Reached XP level 1. HP: 12/12 MP: 1/1
    39 | D:1      | Reached XP level 2. HP: 3/17 MP: 2/2
   491 | D:1      | Reached skill level 6 in Stealth
   627 | D:1      | Reached XP level 3. HP: 21/21 MP: 3/3
  1620 | D:2      | Reached XP level 4. HP: 22/27 MP: 4/4
  1970 | D:2      | Found a glowing golden altar of the Shining One.
  1970 | D:2      | Found a shattered altar of Ashenzari.
  2005 | D:2      | Found a faded altar of an unknown god.
  2133 | D:2      | HP: 2/40 [poisoned by a worker ant]
  2141 | D:2      | Reached XP level 5. HP: 5/31 MP: 5/5
  2146 | D:2      | HP: 2/46 [poisoned by a worker ant]
  2149 | D:2      | Succumbed to a worker ant's poison

Skill      XL: |  1  2  3  4 |
---------------+-------------+-----
Stealth        | 6 |  6.9
Short Blades   | 3 |  3.9
Dodging        | 2 |  2.0
Fighting       | |  2.7
Throwing       | |  2.2

Action                   |  1- 3 |  4- 6 || total
-------------------------+-------+-------++-------
Melee: Dagger            |   125 |    80 ||   205
  Use: Potion            |       |     5 ||     5
 Stab: Sleeping          |     7 |     3 ||    10
  Eat: Chunk             |    10 |     2 ||    12
Armor: Robe              |    17 |     5 ||    22
       Skin              |       |    15 ||    15
Dodge: Dodged            |    72 |    44 ||   116
